 Dungeon Crawl Stone Soup version 0.30-a0-728-gc68057be0a (webtiles) character file.

Game seed: 2030137716294273718

7046 Hiru the Carver (level 11, 0/71 HPs)
             Began as a Tengu Monk on Jan 30, 2023.
             Slain by a two-headed ogre
             ... wielding a +0 giant club
              (28 damage)
             ... on level 10 of the Dungeon.
             The game lasted 00:17:12 (6909 turns).

Hiru the Carver (Tengu Monk)                        Turns: 6909, Time: 00:17:13

Health: 0/71       AC: 14    Str: 15    XL:     11   Next: 9%
Magic:  12/12      EV: 18    Int: 10    God:
Gold:   626        SH:  5    Dex: 18    Spells: 10/10 levels left

rFire   . . .      SeeInvis .    u - +1 long sword (protect)
rCold   . . .      Faith    .    y - +0 buckler
rNeg    . . .      Spirit   .    o - +3 troll leather armour
rPois   .          Reflect  .    (helmet restricted)
rElec   .          Harm     .    E - +0 cloak
rCorr   .          Rampage  .    p - +1 pair of gloves
Will    .....                    (boots unavailable)
Stlth   ++                       d - amulet of regeneration
HPRegen 1.91/turn                (no ring)
MPRegen 0.13/turn                (no ring)

@: about to teleport, corroded, under a protective aura, flying quickly and
evasively, quick
A: beak, talons 3, nimble flight
a: no special abilities


You were on level 10 of the Dungeon.
You visited 2 branches of the dungeon, and saw 11 of its levels.

You collected 626 gold pieces.

Inventory:

Hand Weapons
 r - the +10 whip "Biunud" {drain, rN+}
   (You found it on level 4 of the Dungeon)

   rN:        It protects you from negative energy.
 u - a +1 long sword of protection (weapon)
 G - a +0 scimitar
Armour
 o - a +3 troll leather armour (worn)
 p - a +1 pair of gloves (worn)
 y - a +0 buckler (worn)
 A - +0 steam dragon scales
 E - a +0 cloak (worn)
Jewellery
 d - an amulet of regeneration (around neck)
 z - a ring of positive energy
Wands
 a - a wand of charming (39)
 x - a wand of polymorph (6)
 C - a wand of roots (7)
Scrolls
 f - 3 scrolls of vulnerability
 j - 4 scrolls of enchant weapon
 l - a scroll of noise {unknown}
 m - 2 scrolls of teleportation
 s - 3 scrolls of fog
 B - a scroll of identify
 D - 3 scrolls of poison {unknown}
 F - a scroll of magic mapping {unknown}
Potions
 b - 6 potions of attraction
 c - a potion of ambrosia
 e - a potion of degeneration
 g - 4 potions of brilliance
 h - 2 potions of mutation
 i - a potion of invisibility {unknown}
 k - a potion of heal wounds
 n - 2 potions of magic
 q - 2 potions of flight
 t - a potion of resistance {unknown}
 v - 2 potions of curing
 w - a potion of might {unknown}


   Skills:
 + Level 9.0 Fighting
 * Level 13.3 Long Blades
 - Level 4.2 Armour
 - Level 7.6 Dodging
 - Level 2.0 Stealth
 + Level 3.3 Shields


You had 10 spell levels left.
You didn't know any spells.
Your spell library contained the following spells:

 Spells                   Type           Power      Damage    Failure   Level
 Freeze                   Ice            0%         1d3       52%         1
 Frozen Ramparts          Ice            0%         1d1       88%         3
 Hailstorm                Conj/Ice       0%         3d3       88%         3
 Kindle Blastsparks       Fire/Tloc/Air  0%         2d10      88%         3
 Airstrike                Air            0%         2d(0-16)  99%         4
 Fulminant Prism          Conj/Hex       0%         3d5       99%         4
 Iskenderun's Mystic Bla  Conj/Tloc      0%         2d3       99%         4
 Summon Lightning Spire   Summ/Air       0%         N/A       99%         4
 Lee's Rapid Deconstruct  Erth           0%         3d4*      100%        5
 Lightning Bolt           Conj/Air       0%         1d11      100%        5


Dungeon Overview and Level Annotations

Branches:
Dungeon (10/15)            Temple (1/1) D:4            Lair (0/5) D:9
    Orc: D:9-12

Altars:
Ashenzari
Cheibriados
Dithmenos
Elyvilon
Fedhas
Gozag
Kikubaaqudgha
Makhleb
Nemelex Xobeh
Qazlal
Ru
Sif Muna
Trog
Uskayaw
Vehumet
Wu Jian
Xom
Yredelemnul
Zin
The Shining One

Annotations:
D:4 4 runed translucent doors, Edmund
D:7 1 runed translucent door, Yutrishi's ghost, amateur AtFi


Innate Abilities, Weirdness & Mutations

You have a beak for a mouth.
You have claws for feet.
Your magical nature lets you fly swiftly and evasively.


Message History

The orc misses you. The orc barely misses you.
You hear some strange, mumbled words.
Something tries to affect you, but you resist.
The yak gores you but does no damage. The acid dragon spits acid at you.
You block the splash of acid.
The two-headed ogre completely misses you.
The two-headed ogre barely misses you. The wyvern misses you.
Your Fighting skill increases to level 9!
You slash the two-headed ogre!
You claw the two-headed ogre, but do no damage.
The two-headed ogre is lightly wounded.
The orc barely misses you. Something hits you but does no damage.
The orc hits you with a +0 club. The acid dragon barely misses you.
You block the acid dragon's attack. The yak misses you.
The two-headed ogre completely misses you.
The two-headed ogre hits you with a +0 giant club.
The wyvern bites you but does no damage.
The two-headed ogre barely misses you. You block the two-headed ogre's attack.
You hit the two-headed ogre but do no damage.
You claw the two-headed ogre, but do no damage.
The two-headed ogre is lightly wounded.
The wyvern hisses menacingly.
The wyvern bites you! The orc misses you.
A steam dragon comes into view.
The yak gores you! The orc barely misses you.
You hear some strange, mumbled words.
A magic dart appears from out of thin air!
The magic dart hits you! The acid dragon spits acid at you.
The splash of acid hits you! The acid corrodes you!
You are too injured to fight recklessly!
You are too injured to fight recklessly!
You are too injured to fight recklessly!
You are too injured to fight recklessly!
Unknown command.
As you read the scroll of teleportation, it crumbles to dust.
You feel strangely unstable. The wyvern misses you.
The two-headed ogre hits you with a +0 giant club!!
You die...

......D......
###.......?....
#...............
#..........T....
................
#......yho......
###...ool......#
......O@{yT.....
......YOD.......
.##...h{Y.$....#
##..#....#o.##
#..#....# .#
#...##.### .
....##..#
....##.### ####
#.#
.############


You could see 2 two-headed ogres, 2 yaks, 2 trolls, a steam dragon, an orc
warrior, a wyvern, an acid dragon, a vampire mosquito, 2 howler monkeys, a
killer bee, an orc wizard and 2 orcs.

Vanquished Creatures
  A two-headed ogre (D:7)
  A hornet (D:9)
  2 wyverns
  A yak (D:7)
  2 wraiths
  A vampire mosquito (D:10)
  5 water moccasins
  5 sky beasts
  6 orc warriors
  2 black bears (D:7)
  3 ogres
  7 centaurs
  A phantom (D:4)
  2 kobold brigands
  10 bullfrogs
  4 necrophages
  2 scorpions
  4 wights
  4 killer bees
  2 howler monkeys
  A crimson imp (D:8)
  A jelly (D:6)
  2 hounds
  7 orc priests
  A gnoll bouda (D:7)
  5 iguanas
  12 orc wizards
  Terence (D:2)
  3 gnolls (D:5)
  10 adders
  3 shadow imps (D:6)
  2 white imps
  An ufetubus (D:7)
  3 worms
  A dart slug (D:2)
  55 orcs
  9 ball pythons
  4 bats (D:1)
  6 endoplasms
  9 giant cockroaches
  7 goblins
  2 hobgoblins (D:1)
  5 quokkas
  6 frilled lizards
  18 kobolds
  4 rats (D:1)
243 creatures vanquished.

Vanquished Creatures (others)
  An orc wizard (D:8)
1 creature vanquished.

Grand Total: 244 creatures vanquished

Notes
Turn   | Place    | Note
-------+----------+-------------------------------------------
     0 | D:1      | Hiru the Tengu Monk began the quest for the Orb.
     0 | D:1      | Reached XP level 1. HP: 14/14 MP: 2/2
    21 | D:1      | You fall into a shaft and drop 1 floor!
    35 | D:2      | Noticed Terence
   207 | D:2      | Reached XP level 2. HP: 19/19 MP: 3/3
   228 | D:2      | Reached skill level 1 in Armour
   228 | D:2      | Reached XP level 3. HP: 21/23 MP: 4/4
   272 | D:1      | Reached skill level 4 in Long Blades
   657 | D:1      | Reached XP level 4. HP: 25/28 MP: 5/5
   840 | D:2      | Killed Terence
  1380 | D:3      | Gained mutation: Your magical nature lets you fly swiftly
                  | and evasively. [Tengu growth]
  1380 | D:3      | Reached XP level 5. HP: 33/33 MP: 6/6
  1715 | D:3      | Found a glowing silver altar of Zin.
  1725 | D:3      | Reached skill level 5 in Long Blades
  1896 | D:4      | Found a large runed translucent door.
  1896 | D:4      | Found a large runed translucent door.
  1947 | D:4      | Found a staircase to the Ecumenical Temple.
  1959 | D:4      | Reached XP level 6. HP: 38/38 MP: 7/7
  1964 | Temple   | Entered the Ecumenical Temple
  2228 | D:4      | Identified the +0 longbow of the Sharing Bear {freeze, rF+
                  | Dex+2}
  2228 | D:4      | Noticed Edmund
  2229 | D:4      | Noticed a wyvern
  2235 | D:4      | Found a large runed translucent door.
  2235 | D:4      | Found a large runed translucent door.
  2258 | D:4      | Reached skill level 6 in Long Blades
  2281 | D:4      | Reached XP level 7. HP: 44/44 MP: 8/8
  2295 | D:4      | Identified the +10 whip "Biunud" {drain, rN+}
  2525 | D:4      | Reached skill level 5 in Fighting
  2525 | D:4      | Reached skill level 7 in Long Blades
  2690 | D:5      | Entered Level 5 of the Dungeon
  2786 | D:5      | Reached XP level 8. HP: 49/49 MP: 9/9
  3065 | D:5      | Reached skill level 8 in Long Blades
  3562 | D:6      | Reached skill level 9 in Long Blades
  3603 | D:6      | Reached skill level 5 in Dodging
  3770 | D:6      | Reached XP level 9. HP: 56/56 MP: 10/10
  4288 | D:7      | Reached skill level 10 in Long Blades
  4570 | D:7      | Reached skill level 11 in Long Blades
  4573 | D:7      | Noticed a two-headed ogre
  4595 | D:7      | Killed a two-headed ogre
  4596 | D:7      | Reached XP level 10. HP: 25/64 MP: 11/11
  4749 | D:7      | Noticed Maggie
  4751 | D:7      | Maggie changed into Maggie the howler monkey
  4751 | D:7      | Noticed Maggie
  4756 | D:7      | Killed Maggie the howler monkey
  4832 | D:7      | Found a runed translucent door.
  4835 | D:7      | Noticed Yutrishi's ghost (amateur AtFi)
  5089 | D:8      | Reached skill level 12 in Long Blades
  5107 | D:8      | HP: 2/63 [wight/+0 hand axe (4)]
  5430 | D:8      | Reached skill level 1 in Shields
  5456 | D:8      | Found an ancient bone altar of Kikubaaqudgha.
  5456 | D:8      | Found a sparkling altar of Nemelex Xobeh.
  5464 | D:8      | Found a basalt altar of Yredelemnul.
  5466 | D:8      | Found a broken altar of Ashenzari.
  5468 | D:8      | Found a sacrificial altar of Ru.
  5748 | D:8      | Found a shimmering altar of Xom.
  5748 | D:8      | Found a burning altar of Makhleb.
  6574 | D:9      | Found a staircase to the Lair.
  6616 | D:9      | Reached skill level 13 in Long Blades
  6616 | D:9      | Reached XP level 11. HP: 69/69 MP: 12/12
  6795 | D:10     | Entered Level 10 of the Dungeon
  6896 | D:10     | Noticed a two-headed ogre
  6896 | D:10     | Noticed a two-headed ogre
  6909 | D:10     | Slain by a two-headed ogre

Illustrated notes

Levels and vault maps discovered:
D:1:      nzn_arrival_water_spiral, layout_basic, minivault_5
D:2:      layout_loops_ring, minmay_misc_feat_five, grunt_ministairs_13,
          uniq_terence
D:3:      layout_basic, mainiacjoe_overflow_alcove_2
D:4:      layout_loops_ring, minmay_temple_entry_grid, serial_park_tiny_2,
          minmay_hollow_rounded_squares, uniq_edmund
D:5:      layout_basic
D:6:      layout_gridville
D:7:      layout_cave_pools, hellmonk_ghost_happy_afterlife, nzn_random_ring,
          uniq_maggie
D:8:      layout_loops_corners, grunt_temple_overflow_champion_of_chaos,
          chequers_temple_overflow_minitemple, minmay_misc_feat_four_crosses,
          hex_medium, minmay_fractal_squares_diagonal_5
D:9:      layout_roguey [special_room_orc], lair_entry_dummy
D:10:     minmay_four_partial_circles, layout_loops_ring, kennysheep_mini_moat,
          nzn_hepliaklqana_mist_gate, erik_orc_1, gammafunk_ghost_stat_death,
          kennysheep_generic_room_8
Temple:   hellmonk_temple_two_chambers

Skill      XL: |  1  2  3  4  5  6  7  8  9 10 11 |
---------------+----------------------------------+-----
Armour         | 1 2 3 4 |  4.2
Long Blades    | 4 5 6 7 9 11 13 | 13.3
Fighting       | 4 5 6 7 8 9 |  9.0
Dodging        | 5 7 |  7.6
Shields        | 2 3 |  3.3
Stealth        | |  2.0

Action                     |  1- 3 |  4- 6 |  7- 9 | 10-12 || total
---------------------------+-------+-------+-------+-------++-------
  Melee: Falchion          |    42 |       |       |       ||    42
         Peck              |    12 |    24 |    58 |    68 ||   162
         Kick              |    11 |    36 |    79 |   110 ||   236
         Long sword        |    23 |   129 |   286 |   187 ||   625
         Punch             |       |     1 |     7 |       ||     8
         Scimitar          |       |       |       |   129 ||   129
  Evoke: Wand              |       |       |       |     2 ||     2
    Use: Scroll            |       |       |     6 |    10 ||    16
         Potion            |       |       |     2 |     1 ||     3
   Stab: Sleeping          |     7 |     9 |     5 |     2 ||    23
         Distracted        |       |       |       |     1 ||     1
 Armour: Leather armour    |     6 |       |       |       ||     6
         Robe              |     4 |       |       |       ||     4
         Troll leather arm |       |    20 |    51 |    67 ||   138
  Dodge: Dodged            |    42 |    67 |   253 |   264 ||   626
  Block: Buckler           |       |       |       |    47 ||    47

Table legend: (Time is in decaauts)
 A = Elapsed time spent in this place.
 B = Non-inter-level travel time spent in this place.
 C = Inter-level travel time spent in this place.
 D = Time resting spent in this place.
 E = Time spent auto-exploring this place.
 F = Levels seen in this place.
 G = Mean time per level.
                   A        B        C        D        E       F      G
               +--------+--------+--------+--------+--------+-----+--------+
         Total |   6438 |   6233 |    205 |     59 |   4264 |  11 |  585.3 |
       Dungeon |   6421 |   6221 |    200 |     59 |   4255 |  10 |  642.1 |
        Temple |     16 |     12 |      4 |      0 |      9 |   1 |   16.0 |
               +--------+--------+--------+--------+--------+-----+--------+

Top non-repeatable levels by time:
     D:8: 938 daAuts
     D:6: 791 daAuts
     D:4: 741 daAuts
     D:9: 722 daAuts
     D:2: 659 daAuts
     D:7: 643 daAuts
     D:5: 637 daAuts
     D:3: 607 daAuts
     D:1: 579 daAuts
    D:10: 101 daAuts
  Temple: 16 daAuts
